 Dungeon Crawl Stone Soup version 0.32-a0-960-g3814254bd7 (webtiles) character file.

Game seed: 17839211560564155453

37 Autsider the Apothecary (level 3, -6/31 HPs)
             Began as a Naga Alchemist on Apr 17, 2024.
             Mangled by Natasha (9 damage)
             ... on level 2 of the Dungeon.
             The game lasted 00:04:42 (1050 turns).

Autsider the Apothecary (Naga Alchemist)            Turns: 1050, Time: 00:04:42

Health: -6/31      AC:  2    Str: 10    XL:     3   Next: 39%
Magic:  1/6        EV:  8    Int: 17    God:
Gold:   94         SH:  0    Dex: 11    Spells: 5/6 levels left

rFire   . . .        j - +0 short sword
rCold   . . .        (no shield)
rNeg    . . .        a - +0 robe
rPois   +            (no helmet)
rElec   .            (no cloak)
rCorr   .            (no gloves)
SInv    +            (no barding)
Will    .....        (no amulet)
Stlth   ++           (no ring)
HPRegen 0.25/turn    (no ring)
MPRegen 0.10/turn

%: no passive effects
@: about to teleport, very slightly contaminated, slowed, very slow
A: AC +1, large, see invisible, deformed body, poison resistance, slowness 2,
spit poison 1, naga tail 1
a: Spit Poison


You were on level 2 of the Dungeon.
You visited 1 branch of the dungeon, and saw 2 of its levels.

You collected 94 gold pieces.

Inventory:

Hand Weapons
 j - a +0 short sword (weapon)
Armour
 a - a +0 robe (worn)
Scrolls
 i - a scroll of identify {unknown}
Potions
 b - a potion of magic
 d - 2 potions of haste {unknown}
 e - a potion of heal wounds {unknown}
 f - a potion of mutation {unknown}
 g - a potion of ambrosia {unknown}
 h - 2 potions of curing {unknown}


   Skills:
 + Level 1.1 Fighting
 - Level 1.5 Dodging
 - Level 3.0 Stealth
 + Level 2.3 Spellcasting
 + Level 1.1 Conjurations
 * Level 4.5 Alchemy


You had 5 spell levels left.
You knew the following spells:

 Your Spells              Type           Power      Damage    Failure   Level
a - Sting                 Conj/Alch      44%        1d5       6%          1

Your spell library contained the following spells:

 Spells                   Type           Power      Damage    Failure   Level
 Mercury Vapours          Alch/Air       18%        N/A       11%         2
 Mephitic Cloud           Conj/Alch/Air  8%         N/A       26%         3
 Olgreb's Toxic Radiance  Alch           17%        N/A       28%         4
 Inner Flame              Hex/Fire       2%         N/A       50%         3
 Sticky Flame             Fire/Alch      9%         2d5       58%         4
 Irradiate                Conj/Alch      5%         3d13      85%         5
 Ignition                 Fire           1%         3d3       100%        8


Dungeon Overview and Level Annotations

Branches:
Dungeon (2/15)

Altars:

Annotations:
D:1 exclusion: downstairs
D:2 Natasha


Innate Abilities, Weirdness & Mutations

Your serpentine skin is tough. (AC +1)
You have supernaturally acute eyesight. (SInv)
Armour fits poorly on your strangely shaped body.
Your system is resistant to poisons. (rPois)
You cover ground very slowly.
You can spit poison.
You have a snake-like lower body.


Message History

Natasha casts a spell.
The sting misses Natasha.
The sting hits Natasha.
Natasha is poisoned.
Natasha is lightly wounded.
The sting hits Natasha but does no damage.
Natasha looks even sicker.
Natasha is lightly wounded.
Natasha completely misses you.
The sting hits Natasha.
Natasha looks even sicker.
Natasha is moderately wounded.
The cerulean imp hits you from afar with a +1 spear.
Natasha claws you.
You are too depleted to draw on your magic recklessly!
You are too depleted to draw on your magic recklessly!
You are too depleted to draw on your magic recklessly!
Casting: Sting (safe; 6% risk of failure)
Confirm with . or Enter, or press ? or * to list all spells.
Aiming: Sting (safe; 6% risk of failure)
Press: ? - help, Shift-Dir - straight line, f/p - Natasha
Aim: Natasha (moderately wounded, very poisoned, 64% to hit)
You miscast Sting.
You are very lightly contaminated with residual magic.
Nothing appears to happen.
The cerulean imp hits you from afar with a +1 spear.
Natasha claws you!
* * * LOW HITPOINT WARNING * * *
Natasha stares at you and mumbles some strange words.
You feel yourself slow down.
You aren't carrying any items that you can evoke.
As you read the scroll labelled GUNYCS XAUCAO, it crumbles to dust.
You feel strangely unstable.
It was a scroll of teleportation.
The cerulean imp barely misses you. Natasha claws you!
* * * LOW HITPOINT WARNING * * *
The cerulean imp barely misses you.
Casting: Sting (safe; 6% risk of failure)
Confirm with . or Enter, or press ? or * to list all spells.
You don't have enough magic to cast this spell.
Natasha claws you!
You die...
Natasha curls up and begins to purr.

# .# #. ### . .. .#
#.###.##.#####
#......5.....#
#.####h#.#
#....†@#.###.
#.###.........
#.#.#..#.....#
##########.#>..........
.........#.#.#.########
...#.##.#.#...#####
#.....#.#........
#.....#.#........
#.....#)#........


You could see Natasha (very poisoned) and a cerulean imp (summoned).

Vanquished Creatures
  3 ball pythons (D:1)
  3 bats
  5 endoplasms (D:1)
  A giant cockroach (D:1)
  6 goblins
  5 hobgoblins (D:1)
  3 kobolds
  2 frilled lizards (D:1)
  2 rats (D:1)
30 creatures vanquished.

Notes
Turn   | Place    | Note
-------+----------+-------------------------------------------
     0 | D:1      | Autsider the Naga Alchemist began the quest for the Orb.
     0 | D:1      | Reached XP level 1. HP: 15/15 MP: 3/3
   148 | D:1      | Reached XP level 2. HP: 24/24 MP: 1/5
   173 | D:1      | Reached skill level 4 in Alchemy
   401 | D:1      | Reached skill level 1 in Fighting
   481 | D:1      | Reached XP level 3. HP: 31/31 MP: 3/6
   698 | D:1      | Found a faded altar of an unknown god.
  1041 | D:2      | Noticed Natasha
  1050 | D:2      | Mangled by Natasha

Illustrated notes

Levels and vault maps discovered:
D:1:      minmay_arrival_loop, layout_basic,
          dreamdust_ecumenical_altar_angels_and_demons
D:2:      layout_basic, serial_aquarium, aquarium_bridge_long_joined
          [aquarium_subvault_balcony, aquarium_subvault_wall,
          aquarium_subvault_bridge, aquarium_subvault_bridge,
          aquarium_subvault_balcony, aquarium_subvault_wall],
          aquarium_window_corridor_3, aquarium_window_fake, aquarium_view_2f,
          aquarium_pool_corner, uniq_natasha

Skill      XL: |  1  2 |
---------------+-------+-----
Alchemy        | 4 |  4.5
Fighting       | 1 |  1.1
Dodging        | |  1.5
Stealth        | |  3.0
Spellcasting   | |  2.3
Conjurations   | |  1.1

Action                     || total
---------------------------++-------
  Melee: Unarmed           ||    36
         Short sword       ||     5
   Cast: Sting             ||    48
    Use: Scroll            ||     1
 Armour: Robe              ||    47
  Dodge: Dodged            ||    39

Table legend: (Time is in decaauts)
 A = Elapsed time spent in this place.
 B = Non-inter-level travel time spent in this place.
 C = Inter-level travel time spent in this place.
 D = Time resting spent in this place.
 E = Time spent auto-exploring this place.
 F = Levels seen in this place.
 G = Mean time per level.
                   A        B        C        D        E       F      G
               +--------+--------+--------+--------+--------+-----+--------+
         Total |   1250 |   1116 |    134 |     99 |    761 |   2 |  625.0 |
       Dungeon |   1250 |   1116 |    134 |     99 |    761 |   2 |  625.0 |
               +--------+--------+--------+--------+--------+-----+--------+

Top non-repeatable levels by time:
     D:1: 1130 daAuts
     D:2: 120 daAuts
